 Seeded DCSS version 0.30-a0-879-ga8ba668304 (webtiles) character file.

Game seed: 3428853487130244560 (custom seed)

45 bmack86 the Shield-Bearer (level 3, -1/33 HPs)
             Began as a Minotaur Fighter on Mar 13, 2023.
             Killed from afar by Natasha (11 damage)
             ... with a magic dart
             ... on level 2 of the Dungeon.
             The game lasted 00:01:34 (1018 turns).

bmack86 the Shield-Bearer (Minotaur Fighter)        Turns: 1018, Time: 00:01:35

Health: -1/33      AC:  7    Str: 22    XL:     3   Next: 42%
Magic:  2/2        EV:  9    Int:  5    God:
Gold:   67         SH:  4    Dex:  9    Spells: 2/2 levels left

rFire   . . .      SeeInvis .    a - +0 war axe
rCold   . . .      Faith    .    c - +0 buckler
rNeg    . . .      Spirit   .    b - +0 scale mail
rPois   .          Reflect  .    (helmet restricted)
rElec   .          Rampage  .    (no cloak)
rCorr   .                        (no gloves)
Will    .....                    (no boots) Stlth
                                 (no amulet)
HPRegen 0.25/turn                (no ring)
MPRegen 0.08/turn                (no ring)

@: no status effects
A: horns 2, retaliatory headbutt
a: no special abilities


You were on level 2 of the Dungeon.
You visited 1 branch of the dungeon, and saw 2 of its levels.

You collected 67 gold pieces.

Inventory:

Hand Weapons
 a - a +0 war axe (weapon)
Armour
 b - a +0 scale mail (worn)
 c - a +0 buckler (worn)
Scrolls
 e - 4 scrolls of identify {unknown}
 f - a scroll of blinking {unknown}
 h - 3 scrolls of fog {unknown}
Potions
 d - a potion of might
 g - a potion of berserk rage {unknown}


   Skills:
 + Level 4.0 Fighting
 * Level 3.4 Axes
 + Level 4.0 Armour
 + Level 4.1 Shields


You had 2 spell levels left.
You didn't know any spells.
Your spell library contained the following spells:

 Spells                   Type           Power      Damage    Failure   Level
 Necrotise                Necr           0%         1d4       87%         1
 Gell's Gravitas          Tloc           0%         N/A       99%         3
 Teleport Other           Tloc           0%         N/A       99%         3
 Agony                    Necr           0%         N/A       100%        5
 Dispersal                Tloc           0%         N/A       100%        6
 Starburst                Conj/Fire      0%         6d3       100%        6
 Borgnjor's Revivificati  Necr           0%         N/A       100%        8


Dungeon Overview and Level Annotations

Branches:
Dungeon (2/15)

Altars:

Shops:
D:1 (

Annotations:
D:2 Natasha


Innate Abilities, Weirdness & Mutations

You have a pair of horns on your head.
You reflexively headbutt those who attack you in melee.


Message History

The endoplasm closely misses you.
Natasha casts a spell.
The goblin hits you with a +0 dagger.
You see here a +0 club.
The goblin hits you but does no damage.
The endoplasm hits you but does no damage.
You hit the endoplasm.
The endoplasm is heavily wounded.
You hit the goblin.
You kill the goblin!
You block the endoplasm's attack. Natasha claws you but does no damage.
The endoplasm completely misses you. You furiously retaliate!
You headbutt the endoplasm. You completely miss the endoplasm.
You headbutt the endoplasm.
You kill the endoplasm!
You barely miss Natasha. You hit the iron imp.
Natasha claws you but does no damage. The adder bites you.
You are poisoned.
The adder poisons you! The iron imp barely misses you.
You barely miss the adder. Your headbutt misses the adder.
You closely miss Natasha. You slash the iron imp!
You feel sick. Natasha claws you but does no damage.
The adder bites you but does no damage. The iron imp hits you.
Natasha claws you but does no damage.
You barely miss the adder. Your headbutt misses the adder.
You closely miss Natasha. You barely miss the iron imp.
You feel sick. The adder bites you. You block the adder's attack.
The iron imp barely misses you. You furiously retaliate!
You headbutt the iron imp!
You kill the iron imp!
The iron imp disappears in a puff of smoke!
Natasha claws you but does no damage.
You slash the adder!
You kill the adder!
You closely miss Natasha.
You feel sick. Natasha claws you!
You feel sick. Natasha claws you.
You barely miss Natasha.
You feel sick.
You are no longer poisoned.
Natasha casts a spell at you. The magic dart hits you!
You die...

#.# #.# #.#
####.# #....#
#.#### #.#
#.# #.# ##.##
##@.)##
#.h)..#
#....).....$#
#.###.....#.#
##...##.#
##.## # ..#
###


You could see Natasha.

Vanquished Creatures
  An adder (D:2)
  A worm (D:2)
  3 dart slugs (D:1)
  A ball python (D:1)
  2 bats (D:1)
  7 endoplasms
  5 goblins
  2 hobgoblins (D:1)
  A kobold (D:1)
23 creatures vanquished.

Notes
Turn   | Place    | Note
-------+----------+-------------------------------------------
     0 | D:1      | bmack86 the Minotaur Fighter began the quest for the Orb.
     0 | D:1      | Reached XP level 1. HP: 19/19 MP: 0/0
    43 | D:1      | Found Zofunism's Antique Weapon Shop.
   273 | D:1      | Reached XP level 2. HP: 27/27 MP: 1/1
   313 | D:1      | Got Sif Muna's Enchiridion on Corpses and the Arsonist
   428 | D:1      | Found a faded altar of an unknown god.
   959 | D:2      | Reached XP level 3. HP: 33/33 MP: 2/2
  1008 | D:2      | Noticed Natasha
  1018 | D:2      | Killed from afar by Natasha

Illustrated notes

Levels and vault maps discovered:
D:1:      dpeg_arrival_central, layout_basic, serial_shops, shop,
          hellmonk_ecumenical_altar_heavens_door
D:2:      layout_loops_ring, kennysheep_nub, uniq_natasha

Skill      XL: |  1  2  3 |
---------------+----------+-----
Axes           | 3 |  3.4
Armour         | 4 |  4.0
Shields        | 4 |  4.1
Fighting       | 4 |  4.0

Action                     || total
---------------------------++-------
  Melee: War axe           ||    36
         Headbutt          ||     7
 Armour: Scale mail        ||    36
  Dodge: Dodged            ||    34
  Block: Buckler           ||    13

Table legend: (Time is in decaauts)
 A = Elapsed time spent in this place.
 B = Non-inter-level travel time spent in this place.
 C = Inter-level travel time spent in this place.
 D = Time resting spent in this place.
 E = Time spent auto-exploring this place.
 F = Levels seen in this place.
 G = Mean time per level.
                   A        B        C        D        E       F      G
               +--------+--------+--------+--------+--------+-----+--------+
         Total |   1031 |    988 |     43 |      0 |    783 |   2 |  515.5 |
       Dungeon |   1031 |    988 |     43 |      0 |    783 |   2 |  515.5 |
               +--------+--------+--------+--------+--------+-----+--------+

Top non-repeatable levels by time:
     D:1: 964 daAuts
     D:2: 67 daAuts
